 Dungeon Crawl Stone Soup version 0.18-a0-1730-g73f0523 (webtiles) character file.

8660 Zhenya25pyc the Basher (level 11, -2/72 HPs)
             Began as a Gargoyle Fighter on Apr 10, 2016.
             Was an Elder of Okawaru.
             Slain by a yak (6 damage)
             ... on level 2 of the Lair of Beasts.
             The game lasted 00:34:31 (7487 turns).

Zhenya25pyc the Basher (Gargoyle Fighter)           Turns: 7487, Time: 00:34:32

Health: -2/72      AC: 36    Str: 29    XL:     11   Next: 34%
Magic:  11/11      EV:  5    Int:  8    God:    Okawaru [****..]
Gold:   326        SH: 10    Dex:  9    Spells: 0 memorised, 10 levels left

rFire  . . .     SeeInvis .     F - +2 flail (protect)
rCold  . . .     Gourm    .     J - +0 plate armour
rNeg   + . .     Faith    .     c - +0 shield
rPois  ∞         Spirit   .     w - +0 helmet
rElec  +         Dismiss  .     r - +1 cloak
rCorr  .         Reflect  .     N - +0 pair of gloves
SustAt .         Harm     .     S - +0 pair of boots
MR     +....                    (no amulet)
Stlth  ..........               n - ring of protection from magic
                                h - +3 ring of protection

@: mighty, somewhat resistant to hostile enchantments, extremely unstealthy
A: negative energy resistance 1, electricity resistance, unbreathing,
petrification resistance, rot immunity, AC +7
a: Heroism, Renounce Religion


You were on level 2 of the Lair of Beasts.
You worshipped Okawaru.
Okawaru was greatly pleased with you.
You were hungry.

You visited 3 branches of the dungeon, and saw 11 of its levels.

You collected 326 gold pieces.

Inventory:

Hand Weapons
 A - a +2 morningstar of flaming
 D - a +1 morningstar of holy wrath
 F - a +2 flail of protection (weapon)
Armour
 c - a +0 shield (worn)
 r - a +1 cloak (worn)
 w - a +0 helmet (worn)
 J - a +0 plate armour (worn)
 N - a +0 pair of gloves (worn)
 S - a +0 pair of boots (worn)
Jewellery
 h - a +3 ring of protection (left hand)
 n - a ring of protection from magic (right hand)
Wands
 s - a wand of polymorph (8/24)
 y - a wand of polymorph (6/24)
 B - a wand of hasting (5/9)
 L - a wand of disintegration (22/24)
 V - a wand of flame (14/48)
Scrolls
 a - a scroll of magic mapping {unknown}
 i - a scroll of enchant armour
 j - a scroll of remove curse
 k - 4 scrolls of recharging {unknown}
 q - 6 scrolls of identify {unknown}
 x - 3 scrolls of enchant weapon {unknown}
 E - 5 scrolls of amnesia {unknown}
 H - 2 scrolls of fog
 M - 2 scrolls of teleportation {unknown}
 R - a scroll of fear {unknown}
 T - a scroll of immolation {unknown}
Potions
 b - a potion of cure mutation {unknown}
 e - 2 potions of lignification
 g - 3 potions of invisibility {unknown}
 m - 4 potions of curing
 o - 2 potions of ambrosia {unknown}
 t - a potion of agility
 u - a potion of brilliance {unknown}
 v - a potion of flight {unknown}
 z - 2 potions of mutation {unknown}
 G - a potion of berserk rage {unknown}
 I - a potion of degeneration {unknown}
 K - 2 potions of cancellation {unknown}
Books
 Q - a book of the Sky

   Spells                             Type                      Level
   a - Summon Lightning Spire         Summoning/Air                4
   b - Airstrike                      Air                          4
   c - Silence                        Hexes/Air                    5
   d - Deflect Missiles               Charms/Air                   6
   e - Conjure Ball Lightning         Conjuration/Air              6
   f - Tornado                        Air                          9
Miscellaneous
 U - a disc of storms
Comestibles
 f - 4 bread rations
 p - 4 meat rations
 C - 3 fruits
 O - a slice of pizza
 P - 2 beef jerkies


   Skills:
 + Level 10.2 Fighting
 * Level 12.1 Maces & Flails
 + Level 10.1 Armour
 - Level 3.2 Shields


You had 10 spell levels left.
You didn't know any spells.

Dungeon Overview and Level Annotations

Branches:
Dungeon (8/15)             Temple (1/1) D:7            Lair (2/8) D:8

Altars:
Ashenzari
Cheibriados
Elyvilon
Fedhas
Gozag
Kikubaaqudgha
Makhleb
Okawaru
Pakellas
Ru
Sif Muna
Trog
Vehumet
Xom
Yredelemnul
Zin
The Shining One

Shops:
D:7 *


Innate Abilities, Weirdness & Mutations

You are resistant to torment.
Your stone body is resilient (AC +7).
You are immune to poison.
You resist negative energy.
You are resistant to electric shocks.
You can survive without breathing.
You are immune to petrification.
You are immune to rotting.


Message History

You kill the giant frog!
Okawaru accepts your kill.
The yak snorts and paws the ground.
You sock the yak!
The yak is moderately wounded.
The yak gores you but does no damage. x2
You bludgeon the yak!!
You kill the yak!
Okawaru accepts your kill. The yak gores you.
* * * LOW HITPOINT WARNING * * *
You hit the yak.
The yak is lightly wounded.
You block the yak's attack. The yak gores you but does no damage.
You bludgeon the yak!!
The yak is severely wounded.
The yak gores you!
* * * LOW HITPOINT WARNING * * *
The yak gores you.
You die...

.## ....##
..##..#.##
........ .#.#.#
##.8..# # #.....#
#.. #8.<.8# #P..#
#####.....#
......#.#Y@#...##
#....$.YY###+##
#.###..$#......
...###.......
#.P# ....### #..
..#... #. .......
# ..8...8 ....<


You could see 3 yaks.

Vanquished Creatures
  Gastronok (D:8)
  A hydra (Lair:2)
  An elephant (D:8)
  A black mamba (Lair:1)
  A komodo dragon (Lair:1)
  A spiny frog (Lair:1)
  The ghost of Denapoli the Archer, an amateur CeHu (D:5)
  4 blink frogs (Lair:1)
  3 yaks
  3 water moccasins
  A porcupine (Lair:1)
  A phantom (D:7)
  2 sky beasts
  An orc warrior (D:7)
  2 black bears (D:7)
  An ogre (D:7)
  4 centaurs
  2 crocodiles
  A big kobold (D:8)
  Blork the orc (D:4)
  6 giant frogs
  A scorpion (D:6)
  3 wights (D:8)
  3 howler monkeys
  4 crimson imps
  2 giant frog skeletons
  6 hounds
  4 orc priests
  2 centaur skeletons
  A jelly (D:8)
  13 orc wizards
  A gnoll shaman (D:5)
  10 iguanas
  Terence (D:2)
  2 sheep (D:8)
  2 worker ant zombies (D:8)
  Robin (D:4)
  4 gnolls (D:5)
  13 adders
  A shadow imp (D:8)
  5 oozes
  3 adder zombies
  A worm (D:2)
  3 dart slugs
  4 giant geckos
  22 orcs
  7 ball pythons
  4 giant cockroaches
  16 goblins
  16 hobgoblins
  13 jackals
  4 quokkas
  8 bats
  6 giant newts
  13 kobolds
  8 rats
246 creatures vanquished.

Vanquished Creatures (others)
  A fungus (Lair:2)
1 creature vanquished.

Grand Total: 247 creatures vanquished

Notes
Turn   | Place    | Note
--------------------------------------------------------------
     0 | D:1      | Zhenya25pyc the Gargoyle Fighter began the quest for the Orb.
     0 | D:1      | Reached XP level 1. HP: 14/14 MP: 1/1
    92 | D:1      | Reached XP level 2. HP: 19/19 MP: 2/2
   282 | D:1      | Reached XP level 3. HP: 19/23 MP: 3/3
   328 | D:1      | Reached skill level 3 in Maces & Flails
   702 | D:1      | Reached XP level 4. HP: 29/29 MP: 4/4
   748 | D:2      | Found a glowing golden altar of the Shining One.
  1111 | D:2      | Noticed Terence
  1132 | D:2      | Killed Terence
  1132 | D:2      | Reached XP level 5. HP: 31/33 MP: 5/5
  1212 | D:2      | Found a radiant altar of Vehumet.
  1392 | D:2      | Reached skill level 4 in Maces & Flails
  1958 | D:3      | Reached XP level 6. HP: 23/39 MP: 6/6
  2322 | D:4      | Reached skill level 5 in Maces & Flails
  2410 | D:4      | Noticed Robin
  2419 | D:4      | Killed Robin
  2419 | D:4      | Reached skill level 5 in Armour
  2557 | D:4      | Reached skill level 5 in Fighting
  2676 | D:4      | Reached XP level 7. HP: 29/44 MP: 7/7
  3064 | D:4      | Found an oddly glowing altar of Pakellas.
  3066 | D:4      | Noticed Blork the orc
  3079 | D:4      | Killed Blork the orc
  3079 | D:4      | Reached skill level 6 in Maces & Flails
  3361 | D:5      | Entered Level 5 of the Dungeon
  3363 | D:5      | Noticed Denapoli's ghost (amateur CeHu)
  3393 | D:5      | Killed Denapoli's ghost
  3393 | D:5      | Reached XP level 8. HP: 42/51 MP: 8/8
  3735 | D:5      | Reached skill level 7 in Maces & Flails
  4932 | D:6      | Found a sacrificial altar of Ru.
  5425 | D:7      | Found Woaciece's Assorted Antiques.
  5554 | D:7      | Reached skill level 8 in Maces & Flails
  5554 | D:7      | Reached XP level 9. HP: 49/56 MP: 9/9
  5832 | D:7      | Reached skill level 9 in Maces & Flails
  5885 | D:7      | Found a staircase to the Ecumenical Temple.
  5892 | Temple   | Entered the Ecumenical Temple
  5898 | Temple   | Became a worshipper of Warmaster Okawaru
  6125 | D:8      | Found a staircase to the Lair.
  6126 | D:8      | Noticed an elephant
  6163 | D:8      | Killed an elephant
  6163 | D:8      | Reached XP level 10. HP: 26/64 MP: 10/10
  6174 | D:8      | Reached skill level 10 in Maces & Flails
  6401 | D:8      | Noticed Gastronok
  6438 | D:8      | Reached * piety under Okawaru
  6484 | D:8      | Killed Gastronok
  6484 | D:8      | Reached ** piety under Okawaru
  6631 | D:8      | Reached *** piety under Okawaru
  6658 | Lair:1   | Entered Level 1 of the Lair of Beasts
  6693 | Lair:1   | Got a crystal rapier
  6742 | Lair:1   | Reached skill level 11 in Maces & Flails
  6901 | Lair:1   | Noticed a black mamba
  6903 | Lair:1   | Noticed a spiny frog
  6919 | Lair:1   | Killed a black mamba
  6919 | Lair:1   | Reached XP level 11. HP: 55/72 MP: 11/11
  6927 | Lair:1   | Reached **** piety under Okawaru
  7449 | Lair:2   | Noticed a five-headed hydra
  7463 | Lair:2   | Killed a five-headed hydra
  7463 | Lair:2   | Reached skill level 10 in Fighting
  7463 | Lair:2   | Reached skill level 12 in Maces & Flails
  7463 | Lair:2   | Reached skill level 10 in Armour
  7480 | Lair:2   | HP: 1/72 [yak (7)]
  7487 | Lair:2   | Slain by a yak

Vault maps used:
D:1:      dpeg_arrival_windows_large_door
D:2:      vehumet_crystals, tso_altar, kennysheep_generic_room_7, uniq_terence
D:3:      serial_curves, eino_curves_04, eino_curves_03, eino_curves_02,
          corexii_item_surrounded_by_moat, kennysheep_potato
D:4:      grunt_pakellas_mercury, uniq_blork_the_orc, uniq_robin
D:5:      first_bread
D:6:      lemuel_upstairs_altar, nicolae_ru_path_of_blood
D:7:      temple_green, serial_shops, shop
D:8:      david_lair_generic, uniq_gastronok
Temple:   nicolae_temple_x_marks_the_god_16
Lair:2:   grunt_megastairs_2

Skill      XL: |  1  2  3  4  5  6  7  8  9 10 11 |
---------------+----------------------------------+-----
Maces & Flails | 3 4 5 6 8 9 11 12 | 12.1
Fighting       | 4 5 6 8 9 10 | 10.2
Armour         | 4 5 6 7 8 9 10 | 10.1
Shields        | |  3.2

Action                   |  1- 3 |  4- 6 |  7- 9 | 10-12 || total
-------------------------+-------+-------+-------+-------++-------
Melee: Flail             |   136 |   335 |   321 |   227 ||  1019
       Unarmed           |       |    12 |       |       ||    12
       Morningstar       |       |    28 |   114 |    19 ||   161
  Use: Potion            |       |     2 |       |     4 ||     6
       Scroll            |       |       |     3 |       ||     3
 Stab: Confused          |       |     2 |       |       ||     2
  Eat: Chunk             |       |     7 |    12 |     4 ||    23
